 Dungeon Crawl Stone Soup version 0.30-a0-1053-gbd8d5ba0ad (webtiles) character file.

Game seed: 9180291633050985864

534 GigaChad the Covered (level 7, -2/55 HPs)
             Began as a Formicid Fighter on Apr 12, 2023.
             Was an Initiate of Gozag.
             Slain by a kobold
             ... wielding a +0 whip
              (4 damage)
             ... on level 6 of the Dungeon.
             The game lasted 00:09:20 (3939 turns).

GigaChad the Covered (Formicid Fighter)             Turns: 3939, Time: 00:09:20

Health: -2/55      AC:  7    Str: 26    XL:     7   Next: 49%
Magic:  7/7        EV: 10    Int:  7    God:    Gozag
Gold:   228        SH:  5    Dex: 13    Spells: 6/6 levels left

rFire   . . .      SeeInvis +    p - +5 mace of the Scroll {heavy, rElec Will+ Str+3}
rCold   . . .      Faith    .    c - +0 buckler
rNeg    . . .      Spirit   .    b - +0 scale mail
rPois   .          Reflect  .    (helmet unavailable)
rElec   +          Rampage  .    (no cloak)
rCorr   .                        (no gloves)
Will    +....                    (no boots) Stlth
                                 (no amulet)
HPRegen 0.29/turn                (no ring)
MPRegen 0.10/turn                (no ring)

@: gold aura
A: permanent stasis, dig shafts and tunnels, antennae 3, four strong arms
a: Dig, Shaft Self, Renounce Religion, Potion Petition, Call Merchant, Bribe
Branch


You were on level 6 of the Dungeon.
You worshipped Gozag.
Gozag was aware of your devotion.
You visited 2 branches of the dungeon, and saw 8 of its levels.

You collected 314 gold pieces.
You paid 86 gold pieces to Gozag.

Inventory:

Hand Weapons
 a - a +1 heavy war axe
 p - the +5 mace of the Scroll (weapon) {heavy, rElec Will+ Str+3}
   (You found it on level 4 of the Dungeon)

   Str:       It affects your strength (+3).
   rElec:     It insulates you from electricity.
   Will:      It increases your willpower.
Armour
 b - a +0 scale mail (worn)
 c - a +0 buckler (worn)
Jewellery
 i - an amulet of faith
 l - a ring of fire
 m - an amulet of guardian spirit
 s - a ring of protection from cold
Wands
 t - a wand of mindburst (21)
Scrolls
 e - a scroll of identify
 f - 2 scrolls of fog
 k - a scroll of poison
 n - a scroll of silence {unknown}
 q - a scroll of immolation {unknown}
 r - a scroll of enchant weapon
Potions
 d - a potion of might
 g - a potion of haste {unknown}
 h - a potion of lignification
 j - 4 potions of curing {unknown}
 o - 2 potions of magic {unknown}


   Skills:
 * Level 4.5 Fighting
 * Level 4.9 Axes
 * Level 5.3 Armour
 - Level 1.5 Dodging
 - Level 0.2 Stealth
 * Level 5.2 Shields


You had 6 spell levels left.
You didn't know any spells.
Your spell library contained the following spells:

 Spells                   Type           Power      Damage    Failure   Level
 Ensorcelled Hibernation  Hex/Ice        0%         N/A       88%         2
 Passwall                 Tmut/Erth      0%         N/A       88%         2
 Ozocubu's Armour         Ice            0%         N/A       98%         3
 Ozocubu's Refrigeration  Ice            0%         4d7       100%        7
 Swiftness                Air            Unusable   N/A       N/A         3

Dungeon Overview and Level Annotations

Branches:
Dungeon (7/15)             Temple (1/1) D:4

Altars:
Ashenzari
Cheibriados
Dithmenos
Elyvilon
Fedhas
Gozag
Kikubaaqudgha
Makhleb
Nemelex Xobeh
Ru
Trog
Uskayaw
Vehumet
Xom
Zin
The Shining One


Innate Abilities, Weirdness & Mutations

You cannot be hasted, slowed, berserked, paralysed or teleported.
You can dig through walls and to a lower floor.
You have a pair of large antennae on your head. (SInv)
Your four strong arms can wield two-handed weapons with a shield.


Message History

Unknown command.
You are too injured to fight recklessly!
The kobold attacks as you move away!
The kobold hits you but does no damage. x2
The kobold barely misses you. The phantom hits you.
Things that are here:
6 gold pieces; a +0 short sword; 6 poisoned darts You thump the kobold!
You kill the kobold!
The iguana is no longer distracted by gold.
The kobold barely misses you. x2; The iguana bites you.
* * * LOW HITPOINT WARNING * * *
The phantom hits you but does no damage. x2
The kobold hits you but does no damage. You block the kobold's attack.
The iguana barely misses you.
You closely miss the phantom. The kobold barely misses you.
You block the kobold's attack. The iguana bites you.
* * * LOW HITPOINT WARNING * * *
The phantom hits you but does no damage.
The phantom hits you.
* * * LOW HITPOINT WARNING * * *
The kobold hits you but does no damage. The kobold hits you with a +0 dagger.
* * * LOW HITPOINT WARNING * * *
The iguana bites you!
* * * LOW HITPOINT WARNING * * *
You thump the iguana!
You kill the iguana!
The kobold is distracted by your dazzling golden aura.
The kobold misses you.
The phantom hits you but does no damage. x2
The kobold barely misses you. The kobold attacks as you move away!
The kobold hits you with a +0 whip.
* * * LOW HITPOINT WARNING * * *
The kobold is no longer distracted by gold.
The phantom barely misses you.
You see here 6 gold pieces.
You hit the kobold.
The kobold is moderately wounded.
The kobold hits you but does no damage. The kobold hits you with a +0 whip.
You die...
Your body crumbles into a pile of gold.

..# #.#### #?##..
#.##.#
#.##.##########
#.##...@......#
###.##..KKW......
#.......$$.......
#..>............. #
#....##..........
#.#....##..........
$
#.#....##..........
#.......#..........
###.....#..........


You could see a phantom and 2 kobolds.

Vanquished Creatures
  A kobold brigand (D:6)
  A howler monkey (D:4)
  An orc priest (D:3)
  A sleepcap (D:5)
  3 iguanas
  Terence (D:2)
  Natasha (thrice) (D:2)
  6 gnolls (D:4)
  5 adders
  An ufetubus (D:6)
  A dart slug (D:4)
  4 orcs (D:3)
  5 ball pythons
  9 endoplasms
  7 giant cockroaches
  7 goblins
  4 hobgoblins
  6 jackals
  3 quokkas
  9 bats
  5 frilled lizards
  5 kobolds
  3 rats (D:1)
91 creatures vanquished.

Notes
Turn   | Place    | Note
-------+----------+-------------------------------------------
     0 | D:1      | GigaChad the Formicid Fighter began the quest for the Orb.
     0 | D:1      | Reached XP level 1. HP: 18/18 MP: 1/1
    88 | D:1      | Reached XP level 2. HP: 19/24 MP: 2/2
   272 | D:1      | Reached XP level 3. HP: 27/29 MP: 3/3
   894 | D:2      | Noticed Natasha
   898 | D:2      | Killed Natasha
   899 | D:2      | Reached XP level 4. HP: 37/37 MP: 4/4
   946 | D:2      | Found a glowing golden altar of the Shining One.
   976 | D:2      | Noticed Terence
   984 | D:2      | Killed Terence
  1111 | D:2      | Noticed Natasha
  1126 | D:2      | Killed Natasha
  1127 | D:2      | Reached skill level 1 in Dodging
  1127 | D:2      | Reached XP level 5. HP: 14/42 MP: 5/5
  1129 | D:2      | Noticed Natasha
  1143 | D:2      | Killed Natasha
  1773 | D:3      | Reached XP level 6. HP: 45/48 MP: 6/6
  2344 | D:3      | Found a glowing golden altar of the Shining One.
  2570 | D:4      | Reached skill level 5 in Shields
  2919 | D:4      | Found an ancient bone altar of Kikubaaqudgha.
  2919 | D:4      | Noticed a human
  2985 | D:4      | Reached XP level 7. HP: 43/54 MP: 7/7
  3164 | D:4      | Found a staircase to the Ecumenical Temple.
  3180 | Temple   | Entered the Ecumenical Temple
  3230 | Temple   | Became a worshipper of Gozag Ym Sagoz the Greedy
  3287 | D:4      | Identified the +5 mace of the Scroll {heavy, rElec Will+
                  | Str+3}
  3589 | D:5      | Entered Level 5 of the Dungeon
  3798 | D:5      | Reached skill level 5 in Armour
  3809 | D:5      | You fall into a shaft and drop 2 floors!
  3935 | D:6      | HP: 1/55 [iguana (7)]
  3939 | D:6      | Slain by a kobold

Illustrated notes

Levels and vault maps discovered:
D:1:      dpeg_arrival_stone_temple_mockup, layout_loops_ring
D:2:      layout_basic, basic_altar, nicolae_kite_square_tiling_tiny,
          uniq_terence, uniq_natasha
D:3:      layout_basic, tso_metal_star
D:4:      layout_loops_cross, tgw_kikubaaqudgha,
          minmay_temple_entry_glassed_door, st_stairs_6
D:5:      layout_basic, marbit_many_paths, kennysheep_opposing_triangles,
          uniq_sigmund
D:6:      layout_basic, yredelemnul_altar_generic, uniq_edmund,
          uniq_blork_the_orc
D:7:      layout_cave_pools, nicolae_hepliaklqana_ecumenical_no_more,
          kennysheep_okawaru_gauntlet, serial_shops,
          nicolae_shop_hallway_stairs, st_stairs_10, kennysheep_pointless_box,
          uniq_pikel, uniq_maggie, uniq_duvessa, uniq_menkaure
Temple:   zaba_magenta_temple

Skill      XL: |  1  2  3  4  5  6  7 |
---------------+----------------------+-----
Axes           | 3 4 |  4.9
Armour         | 4 5 |  5.3
Dodging        | 1 |  1.5
Fighting       | 4 |  4.5
Shields        | 5 |  5.2
Stealth        | |  0.2

Action                     |  1- 3 |  4- 6 |  7- 9 || total
---------------------------+-------+-------+-------++-------
  Melee: War axe           |    87 |   113 |     2 ||   202
         Mace              |       |       |    20 ||    20
Ability: Dig               |       |     1 |       ||     1
    Use: Scroll            |     3 |     5 |       ||     8
 Armour: Scale mail        |    51 |    59 |    36 ||   146
  Dodge: Dodged            |    46 |    66 |    36 ||   148
  Block: Buckler           |    23 |    38 |    21 ||    82

Table legend: (Time is in decaauts)
 A = Elapsed time spent in this place.
 B = Non-inter-level travel time spent in this place.
 C = Inter-level travel time spent in this place.
 D = Time resting spent in this place.
 E = Time spent auto-exploring this place.
 F = Levels seen in this place.
 G = Mean time per level.
                   A        B        C        D        E       F      G
               +--------+--------+--------+--------+--------+-----+--------+
         Total |   4077 |   3932 |    145 |    640 |   1995 |   8 |  509.6 |
       Dungeon |   4010 |   3865 |    145 |    640 |   1995 |   7 |  572.9 |
        Temple |     66 |     66 |      0 |      0 |      0 |   1 |   66.0 |
               +--------+--------+--------+--------+--------+-----+--------+

Top non-repeatable levels by time:
     D:4: 1016 daAuts
     D:1: 911 daAuts
     D:2: 887 daAuts
     D:3: 829 daAuts
     D:5: 223 daAuts
     D:6: 113 daAuts
  Temple: 66 daAuts
     D:7: 28 daAuts
